 Dungeon Crawl Stone Soup version 0.31-a0-1010-g5322dac6a2 (webtiles) character file.

Game seed: 13696478770669943216

20319 kae the Carver (level 13, -24/100 HPs)
             Began as a Formicid Fighter on Nov 16, 2023.
             Was an Elder of Qazlal.
             Annihilated by a very large slime creature (40 damage)
             ... on level 12 of the Dungeon.
             The game lasted 00:08:49 (10716 turns).

kae the Carver (Formicid Fighter)                  Turns: 10716, Time: 00:08:49

Health: -24/100    AC: 25    Str: 26    XL:     13   Next: 11%
Magic:  9/19       EV:  6    Int:  8    God:    Qazlal [****..]
Gold:   916        SH: 16    Dex: 13    Spells: 12/12 levels left

rFire   . . .        o - +9 scimitar "Sidd" {freeze, SInv}
rCold   + . .        y - +0 kite shield
rNeg    . . .        w - +0 crystal plate armour {rare}
rPois   .            (helmet unavailable)
rElec   .            D - +1 cloak {rCorr}
rCorr   +            (no gloves)
SInv    +            (no boots)
Will    +....        (no amulet) Stlth
                     C - ring of protection from cold
HPRegen 0.36/turn    (no ring)
MPRegen 0.16/turn

%: repel missiles
@: protected from physical damage, studying Shields
A: permanent stasis, dig shafts and tunnels, antennae 3, four strong arms
a: Dig, Shaft Self, Renounce Religion, Upheaval, Elemental Force


You were on level 12 of the Dungeon.
You worshipped Qazlal.
Qazlal was greatly pleased with you.
You visited 2 branches of the dungeon, and saw 13 of its levels.

You collected 916 gold pieces.


Innate Abilities, Weirdness & Mutations

You cannot be hasted, slowed, berserked, paralysed or teleported.
You can dig through walls and to a lower floor.
You have a pair of large antennae on your head. (SInv)
Your four strong arms can wield two-handed weapons with a shield.


   Skills:
 * Level 8.9 Fighting
 - Level 14.0 Long Blades
 - Level 10.0 Armour
 - Level 6.0 Dodging
 - Level 10.0 Shields
 - Level 8.0 Invocations


You had 12 spell levels left.
You didn't know any spells.
Your spell library contained the following spells:

 Spells                   Type           Power      Damage    Failure   Level
 Apportation              Tloc           0%         N/A       100%        1
 Kiss of Death            Conj/Necr      0%         2d5       100%        1
 Necrotise                Necr           0%         1d4       100%        1
 Ensorcelled Hibernation  Hex/Ice        0%         N/A       100%        2
 Jinxbite                 Hex            0%         N/A       100%        2
 Confusing Touch          Hex            0%         N/A       100%        3
 Inner Flame              Hex/Fire       0%         N/A       100%        3
 Vampiric Draining        Necr           0%         2d6       100%        3
 Anguish                  Hex/Necr       0%         N/A       100%        4
 Dispel Undead            Necr           0%         3d6       100%        4
 Agony                    Necr           0%         N/A       100%        5
 Alistair's Intoxication  Tmut/Pois      0%         N/A       100%        5
 Yara's Violent Unravell  Hex/Tmut       0%         3d3       100%        5
 Enfeeble                 Hex            0%         N/A       100%        7

Inventory:

Hand Weapons
 a - a +1 long sword of freezing
 o - the +9 scimitar "Sidd" (weapon) {freeze, SInv}
   (You found it on level 5 of the Dungeon)

   SInv:      It lets you see invisible.
Missiles
 e - 50 poisoned darts
 h - 102 stones
 j - 12 boomerangs
 v - 4 javelins
 A - 2 curare-tipped darts {=f}
 E - 2 throwing nets {=f!f}
Armour
 w - a +0 crystal plate armour (worn) {rare}
   (You found it on level 5 of the Dungeon)
 y - a +0 kite shield (worn)
   (You took it off a gnoll sergeant on level 5 of the Dungeon)
 D - a +1 cloak of preservation (worn)
   (You found it on level 8 of the Dungeon)
Magical Staves
 m - a staff of fire {!a}
   (You found it on level 9 of the Dungeon)
Jewellery
 C - a ring of protection from cold (left hand)
   (You found it on level 5 of the Dungeon)
 Z - a ring of wizardry
   (You took it off an orc on level 9 of the Dungeon)
Wands
 l - a wand of roots (14)
   (You found it on level 8 of the Dungeon)
 r - a wand of flame (50)
   (You took it off an orc on level 5 of the Dungeon)
 s - a wand of quicksilver (8)
   (You found it on level 5 of the Dungeon)
 u - a wand of charming (14)
   (You found it on level 7 of the Dungeon)
Scrolls
 b - a scroll of brand weapon
 f - 3 scrolls of enchant armour
 n - 3 scrolls of vulnerability {!r!r}
 p - 6 scrolls of identify {@r1}
 x - 2 scrolls of fear
 z - a scroll of immolation {!r!r}
 F - a scroll of enchant weapon
 H - 2 scrolls of revelation
 I - a scroll of blinking {unknown}
 K - a scroll of fog
 L - a scroll of summoning {unknown}
Potions
 c - 2 potions of enlightenment
 d - 4 potions of might
 g - 6 potions of curing {@q1}
 i - 3 potions of mutation {!q}
 k - 4 potions of heal wounds {@q2}
 q - a potion of lignification {!q}
 t - 2 potions of attraction {!q}
 B - a potion of haste {@q3}
 G - a potion of brilliance
Miscellaneous
 J - a tin of tremorstones (2/2)
   (You found it on level 11 of the Dungeon)

Dungeon Overview and Level Annotations

Branches:
Dungeon (12/15) Zot: 26939  Temple (1/1) D:4 Zot: 5886    Lair (0/5) D:10
    Orc (0/2) D:12

Altars:
Ashenzari
Cheibriados
Dithmenos
Elyvilon
Fedhas
Gozag
Hepliaklqana
Kikubaaqudgha
Makhleb
Nemelex Xobeh
Okawaru
Qazlal
Ru
Sif Muna
Trog
Uskayaw
Vehumet
Wu Jian
Xom
Yredelemnul
Zin
The Shining One

#.# ###..##
####J....###
#.....8.....
##...........
###)........(..
#H[)8....>....8
###J#)...........
#.###>.@##...........
......ยง#.##.....8.....
######...#####.....###
#......######....
#........# ##..
########....#.#.#
#...[.##..#.#.#.#
#.....##....#.# #
#.............#


You could see a very large slime creature and a manticore.


Message History

You completely miss the two-headed ogre.
You slash the gargoyle! You freeze the gargoyle.
You destroy the gargoyle!
Qazlal accepts your kill. You block the two-headed ogre's attack.
The two-headed ogre barely misses you.
Unknown command.
You slash the two-headed ogre! You freeze the two-headed ogre!
You kill the two-headed ogre!
Qazlal accepts your kill. ๐Ÿ˜จ HP[+1]
You now have 99 max hp (+1).
Things that are here:
a +0 giant spiked club; a +0 giant spiked club; a +0 hand axe Unknown command. ๐Ÿ˜จ HP[+1] 2 slime creatures come into view.
The slime creature quivers. x2
Two slime creatures merge to form a large slime creature.
A slime creature comes into view. ๐Ÿ˜จ HP[+1]
A manticore comes into view.
Two slime creatures merge to form a very large slime creature.
The manticore moves out of view.
A slime creature comes into view. ๐Ÿ˜จ HP[+1]
Aiming: Upheaval
Press: ? - help, Dir - move target, f - very large slime creature
Aim: a very large slime creature Magma suddenly erupts from the ground!
The blast of magma engulfs the very large slime creature!! ๐Ÿ˜จ MP[-3]
You lost 3 mp, and now have 16/19 mp.
Things that are here:
a +0 giant spiked club; a +0 giant spiked club; a +0 hand axe ๐Ÿ˜จ HP[+1] ๐Ÿ˜ฎ HP[+1]
You hear the faint crackling of a melting archway very nearby. ๐Ÿ˜ฎ MP[+1]
Aiming: Upheaval
Press: ? - help, Dir - move target, f - slime creature
Aim: a slime creature (lightly wounded)
The ground shakes violently, spewing rubble!
The blast of rubble hits the slime creature!!
Two slime creatures merge to form a large slime creature. ๐Ÿ˜ฎ HP[+1] MP[-3]
You lost 3 mp, and now have 14/19 mp.
The slime creature quivers.
Two slime creatures merge to form a very large slime creature.
You are too injured to fight recklessly!
You are too injured to fight recklessly!
You are too injured to fight recklessly!
You are too injured to fight recklessly!
You are too injured to fight recklessly!
You are too injured to fight recklessly!
Aiming: Upheaval
Press: ? - help, Dir - move target, f/p - very large slime creature
Aim: a very large slime creature (moderately wounded) Magma suddenly erupts from the ground!
The blast of magma engulfs the very large slime creature!! ๐Ÿ˜ฎ HP[+1] MP[-3]
You lost 3 mp, and now have 11/19 mp.
Unknown command.
Aiming: Upheaval
Press: ? - help, Dir - move target, f/p - very large slime creature
Aim: a very large slime creature (heavily wounded)
A storm cloud blasts the area with cutting wind!
The cutting wind hits the very large slime creature!
You can no longer call upon nature's wrath in a wide area around you. ๐Ÿ˜ฎ MP[-3]
You lost 3 mp, and now have 8/19 mp.
Unknown command.
You slash the very large slime creature!
You freeze the very large slime creature!
You completely miss the very large slime creature.
A very large slime creature splits. ๐Ÿ˜ฎ MP[+1] Unknown command.
You slash the large slime creature! You freeze the large slime creature.
You block the large slime creature's attack. ๐Ÿ˜ฎ HP[+1] Unknown command.
You slash the slime creature! You freeze the slime creature.
You block the slime creature's attack.
Two slime creatures merge to form a very large slime creature.
Unknown command.
You hit the slime creature. You freeze the slime creature.
You kill the slime creature!
Qazlal accepts your kill. ๐Ÿ˜ฎ HP[+1]
You now have 100 max hp (+1).
You slash the very large slime creature!
You freeze the very large slime creature.
The very large slime creature hits you!!!
* * * LOW HITPOINT WARNING * * *
๐Ÿ˜ฑ HP[-38]
You take 38 damage, and now have 16/100 hp.
MASSIVE DAMAGE!! (PAUSE)
You barely miss the very large slime creature.
The very large slime creature hits you!!!
You die...

Skill      XL: |  1  2  3  4  5  6  7  8  9 10 11 12 13 |
---------------+----------------------------------------+-----
Long Blades    | 3 4 5 9 11 14 | 14.0
Fighting       | 4 5 7 8 |  8.9
Armour         | 4 5 7 10 | 10.0
Shields        | 5 6 10 | 10.0
Invocations    | 4 8 |  8.0
Dodging        | 3 6 |  6.0

Action                     |  1- 3 |  4- 6 |  7- 9 | 10-12 | 13-15 || total
---------------------------+-------+-------+-------+-------+-------++-------
  Melee: Long sword        |   117 |    98 |    57 |       |       ||   272
         Scimitar          |       |       |   243 |   467 |    32 ||   742
         Unarmed           |       |       |       |     4 |       ||     4
 Invoke: Upheaval          |       |       |       |       |     4 ||     4
Ability: Dig               |       |     1 |       |     1 |       ||     2
    Use: Scroll            |     6 |       |     8 |     6 |       ||    20
         Potion            |       |     3 |       |       |       ||     3
 Armour: Scale mail        |    85 |    92 |    78 |       |       ||   255
         Crystal plate arm |       |       |   155 |   260 |    14 ||   429
         Skin              |       |       |       |     3 |       ||     3
  Dodge: Dodged            |    47 |    65 |    42 |    58 |     4 ||   216
         Repelled          |       |       |       |       |     3 ||     3
  Block: Buckler           |    37 |    41 |    25 |       |       ||   103
         Kite shield       |       |       |   107 |   293 |    17 ||   417

Levels and vault maps discovered:
D:1:      erik_arrival_cave_to_civilisation [erik_arrival_cave_to_hall],
          layout_loops_ring
D:2:      layout_rooms, minmay_tiny_reverse_x
D:3:      layout_basic, uniq_jessica
D:4:      layout_cave_pools, minmay_temple_entry_junction_2,
          hangedman_feature_mirror
D:5:      lemuel_insect_pit, layout_basic, nicolae_dithmenos_shadow_blocks,
          hangedman_decor_opposing, minmay_crossroads
D:6:      layout_rooms, uniq_edmund
D:7:      layout_gridville, st_stairs_1, serial_bayou_lagoon_a,
          roadster_capsule_ark_zombie, uniq_pikel
D:8:      layout_loops_corners, minivault_23, moated_statue
D:9:      layout_roguey, jmf_multi_god_temple, uniq_erolcha, uniq_psyche
D:10:     layout_cave_pods, kennysheep_mini_moat, nicolae_tso_carved_into_rock,
          david_lair_shrubbed, kennysheep_generic_room_9, uniq_maurice,
          uniq_harold, uniq_urug
D:11:     layout_cave_pools
D:12:     layout_loops_cross, david_orc_2, portal_ice_cave_entry_pillars_1
Temple:   minmay_crystal_spiral_temple

Notes
Turn   | Place    | Note
-------+----------+-------------------------------------------
     0 | D:1      | kae the Formicid Fighter began the quest for the Orb.
     0 | D:1      | Reached XP level 1. HP: 18/18 MP: 1/1
     0 | D:1      | magus.rc [v1.11.3]
   115 | D:1      | Reached XP level 2. HP: 24/24 MP: 2/2
   530 | D:1      | Reached XP level 3. HP: 29/29 MP: 3/3
   604 | D:1      | You pick up a book of Party Tricks and begin reading...
   604 | D:1      | You add the spells Apportation, Jinxbite and Alistair's
                  | Intoxication to your library.
  1194 | D:2      | You pick up a book of Necromancy and begin reading...
  1194 | D:2      | You add the spells Necrotise, Vampiric Draining and Agony
                  | to your library.
  1593 | D:3      | Noticed Jessica
  1601 | D:3      | Killed Jessica
  1602 | D:3      | Reached skill level 3 in Long Blades
  1602 | D:3      | Reached XP level 4. HP: 37/37 MP: 4/4
  1970 | D:3      | Reached XP level 5. HP: 42/42 MP: 5/5
  2025 | D:4      | Reached skill level 4 in Fighting
  2025 | D:4      | Reached skill level 4 in Armour
  2149 | D:4      | HP: 5/42 [poisoned by an adder]
  2149 | D:4      | HP: 2/42 [scorpion (3)]
  2162 | D:4      | Reached skill level 5 in Shields
  2173 | D:4      | Reached skill level 4 in Long Blades
  2173 | D:4      | Reached XP level 6. HP: 33/49 MP: 6/6
  2451 | D:4      | Noticed a black bear
  2458 | D:4      | Killed a black bear
  2502 | D:4      | Reached XP level 7. HP: 55/55 MP: 7/7
  2661 | D:4      | Found a staircase to the Ecumenical Temple.
  2677 | Temple   | Entered the Ecumenical Temple
  2742 | Temple   | Became a worshipper of Qazlal Stormbringer
  2854 | D:4      | HP: 11/55 [orc/+0 hand axe (5)]
  3140 | D:5      | Entered Level 5 of the Dungeon
  3205 | D:5      | Reached skill level 5 in Long Blades
  3230 | D:5      | Found a runed translucent door.
  3233 | D:5      | Identified the +9 scimitar "Sidd" {freeze, SInv}
  3250 | D:5      | Found a shadowy altar of Dithmenos.
  3261 | D:5      | You pick up a book of Misfortune and begin reading...
  3261 | D:5      | You add the spells Inner Flame, Yara's Violent Unravelling
                  | and Enfeeble to your library.
  3314 | D:5      | Reached skill level 5 in Fighting
  3314 | D:5      | Reached skill level 5 in Armour
  3314 | D:5      | Reached skill level 6 in Shields
  3802 | D:5      | Reached XP level 8. HP: 46/62 MP: 8/8
  3803 | D:5      | Reached skill level 6 in Long Blades
  3809 | D:5      | Identified a +0 crystal plate armour
  3810 | D:5      | w - a +0 crystal plate armour {rare}
  4238 | D:5      | Found a runed translucent door.
  4374 | D:5      | You finish putting on your +0 crystal plate armour {rare}.
  4409 | D:5      | Reached skill level 7 in Long Blades
  4417 | D:5      | Reached * piety under Qazlal
  4426 | D:5      | Reached skill level 8 in Long Blades
  4608 | D:6      | Reached skill level 9 in Long Blades
  4608 | D:6      | Reached XP level 9. HP: 65/68 MP: 9/9
  4610 | D:6      | Noticed Edmund
  4619 | D:6      | Killed Edmund
  4957 | D:7      | Reached skill level 10 in Long Blades
  4979 | D:7      | Reached ** piety under Qazlal
  5113 | D:7      | Found an ancient bone altar of Kikubaaqudgha.
  5188 | D:7      | Reached skill level 11 in Long Blades
  5201 | D:7      | Identified the +6 spear of the Holding Stork {heavy, rPois}
  5452 | D:7      | Reached XP level 10. HP: 74/74 MP: 10/10
  5462 | D:7      | Reached skill level 12 in Long Blades
  5658 | D:7      | Reached *** piety under Qazlal
  5660 | D:7      | Noticed Pikel
  5674 | D:7      | Killed Pikel
  5675 | D:7      | Reached skill level 13 in Long Blades
  5681 | D:7      | You pick up a book of Touch and begin reading...
  5681 | D:7      | You add the spells Kiss of Death, Confusing Touch and
                  | Dispel Undead to your library.
  6156 | D:8      | You pick up a book of Party Tricks and begin reading...
  6629 | D:8      | Reached skill level 14 in Long Blades
  6629 | D:8      | Reached skill level 1 in Invocations
  6660 | D:8      | Reached skill level 2 in Invocations
  6673 | D:8      | Reached skill level 3 in Invocations
  6694 | D:8      | Reached skill level 4 in Invocations
  6694 | D:8      | Reached XP level 11. HP: 39/78 MP: 12/14
  7094 | D:8      | Reached skill level 5 in Invocations
  7116 | D:8      | Reached skill level 6 in Invocations
  7122 | D:8      | Reached skill level 7 in Invocations
  7123 | D:8      | Reached **** piety under Qazlal
  7125 | D:8      | HP: 15/79 [yak (13)]
  7455 | D:8      | Identified a scroll of acquirement
  7455 | D:8      | Acquired a manual of Shields
  7526 | D:9      | Reached skill level 8 in Invocations
  7589 | D:9      | Reached skill level 7 in Shields
  7590 | D:9      | Noticed Erolcha
  7598 | D:9      | Killed Erolcha
  7599 | D:9      | Reached skill level 8 in Shields
  7715 | D:9      | Reached skill level 9 in Shields
  7827 | D:9      | Reached skill level 10 in Shields
  7832 | D:9      | Found a snail-covered altar of Cheibriados.
  7832 | D:9      | Found a bloodstained altar of Trog.
  7870 | D:9      | Reached skill level 1 in Dodging
  7902 | D:9      | Reached skill level 2 in Dodging
  8119 | D:9      | Noticed Psyche
  8120 | D:9      | your +0 crystal plate armour {rare} melds into your body.
  8177 | D:9      | your +0 crystal plate armour {rare} unmelds from your body.
  8181 | D:9      | your +0 crystal plate armour {rare} melds into your body.
  8218 | D:8      | your +0 crystal plate armour {rare} unmelds from your body.
  8262 | D:9      | Killed Psyche
  8263 | D:9      | Reached skill level 6 in Armour
  8450 | D:10     | Entered Level 10 of the Dungeon
  8557 | D:10     | Reached skill level 3 in Dodging
  8815 | D:10     | Noticed Urug
  8824 | D:10     | Killed Urug
  8825 | D:10     | Reached skill level 7 in Armour
  8825 | D:10     | Reached XP level 12. HP: 32/86 MP: 18/18
  8990 | D:10     | Found a glowing golden altar of the Shining One.
  9032 | D:10     | Reached skill level 4 in Dodging
  9123 | D:10     | Found a hazy altar of Hepliaklqana.
  9124 | D:10     | Noticed Harold
  9140 | D:10     | Killed Harold
  9159 | D:10     | Noticed a two-headed ogre
  9164 | D:10     | Killed a two-headed ogre
  9165 | D:10     | Reached skill level 8 in Armour
  9165 | D:10     | Reached skill level 5 in Dodging
  9310 | D:10     | Reached ***** piety under Qazlal
  9386 | D:10     | Found a staircase to the Lair.
  9423 | D:10     | Noticed Maurice
  9451 | D:10     | Maurice stole 50 poisoned darts
  9452 | D:10     | Killed Maurice
  9644 | D:10     | You pick up a book of Dreams and begin reading...
  9644 | D:10     | You add the spells Ensorcelled Hibernation and Anguish to
                  | your library.
  9965 | D:11     | Noticed a two-headed ogre
  9970 | D:11     | Reached skill level 6 in Dodging
  9979 | D:11     | Reached skill level 9 in Armour
  9992 | D:10     | Killed a two-headed ogre
 10001 | D:10     | Reached skill level 10 in Armour
 10171 | D:11     | Noticed a two-headed ogre
 10187 | D:11     | Killed a two-headed ogre
 10194 | D:11     | Reached skill level 6 in Fighting
 10264 | D:11     | Noticed a two-headed ogre
 10270 | D:11     | Killed a two-headed ogre
 10271 | D:11     | Reached skill level 7 in Fighting
 10330 | D:11     | Reached XP level 13. HP: 98/98 MP: 19/19
 10333 | D:11     | Reached skill level 8 in Fighting
 10668 | D:12     | Found a staircase to the Orcish Mines.
 10715 | D:12     | HP: 16/100 [very large slime creature (38)]
 10716 | D:12     | Annihilated by a very large slime creature

Vanquished Creatures
  Harold (D:10)
  Erolcha (D:9)
  5 two-headed ogres
  Urug (D:10)
  Pikel (D:7)
  An ugly thing (D:11)
  Maurice (D:10)
  A gargoyle (D:12)
  Psyche (D:9)
  3 kobold demonologists (D:9)
  A komodo dragon (D:10)
  4 trolls
  A hornet (D:8)
  A slime creature (D:12)
  A shadow (D:10)
  A vampire (D:10)
  2 wraiths (D:11)
  3 wyverns
  28 yaks
  A steam dragon (D:8)
  Edmund (D:6)
  3 water moccasins
  2 acid dragons
  3 sky beasts (D:7)
  An elephant zombie (D:7)
  2 ice beasts (D:7)
  3 orc warriors
  2 black bears
  2 centaurs
  2 phantoms (D:6)
  3 lemures (D:7)
  2 gnoll sergeants
  7 kobold brigands
  3 bullfrogs
  10 scorpions
  17 wights
  16 killer bees
  2 howler monkeys (D:9)
  An electric eel (D:7)
  2 centaur zombies (D:7)
  7 hounds
  6 orc priests
  A human zombie (D:7)
  2 jellies
  Jessica (D:3)
  2 scorpion zombies (D:7)
  10 orc wizards
  3 iguanas
  3 sleepcaps
  2 ogre zombies (D:7)
  6 hound zombies (D:7)
  3 gnolls (D:7)
  3 adders
  4 ufetubi (D:6)
  An adder zombie (D:7)
  2 worms
  4 dart slugs
  39 orcs
  An endoplasm (D:3)
  6 giant cockroaches
  6 goblins
  8 hobgoblins
  13 jackals
  5 quokkas
  6 ball pythons
  3 bats
  2 frilled lizards
  25 kobolds
  10 rats
  4 butterflies (D:5)
331 creatures vanquished.

Vanquished Creatures (others)
  An orc wizard (D:7)
1 creature vanquished.

Grand Total: 332 creatures vanquished

Table legend:
 A = Non-vault XP
 B = Vault XP
 C = Vault XP percentage of total XP
 D = Non-vault monster count
 E = Vault monster count
 F = Vault count percentage of total count
                 A         B        C        D         E       F
            +---------+---------+-------+---------+---------+-------
      Total |   22087 |    6941 |  23.9 |     269 |      55 |  17.0
            +---------+---------+-------+---------+---------+-------
        D:1 |      37 |       3 |   7.5 |      25 |       2 |   7.4
        D:2 |      15 |       4 |  21.1 |       9 |       2 |  18.2
        D:3 |      44 |      37 |  45.7 |      14 |       1 |   6.7
        D:4 |     481 |      38 |   7.3 |      25 |       2 |   7.4
        D:5 |     355 |     812 |  69.6 |      19 |      13 |  40.6
        D:6 |     461 |     169 |  26.8 |      18 |       1 |   5.3
        D:7 |    2048 |    1345 |  39.6 |      42 |      18 |  30.0
        D:8 |    3768 |       0 |   0.0 |      33 |       0 |   0.0
        D:9 |    2450 |    1398 |  36.3 |      21 |       4 |  16.0
       D:10 |    5531 |    2984 |  35.0 |      42 |       6 |  12.5
       D:11 |    5417 |       0 |   0.0 |      18 |       0 |   0.0
       D:12 |    1480 |     151 |   9.3 |       3 |       6 |  66.7
            +---------+---------+-------+---------+---------+-------

Skill      XL: |  1  2  3  4  5  6  7  8  9 10 11 12 13 |
---------------+----------------------------------------+-----
Long Blades    | 3 4 5 9 11 14 | 14.0
Fighting       | 4 5 7 8 |  8.9
Armour         | 4 5 7 10 | 10.0
Shields        | 5 6 10 | 10.0
Invocations    | 4 8 |  8.0
Dodging        | 3 6 |  6.0

Action                     |  1- 3 |  4- 6 |  7- 9 | 10-12 | 13-15 || total
---------------------------+-------+-------+-------+-------+-------++-------
  Melee: Long sword        |   117 |    98 |    57 |       |       ||   272
         Scimitar          |       |       |   243 |   467 |    32 ||   742
         Unarmed           |       |       |       |     4 |       ||     4
 Invoke: Upheaval          |       |       |       |       |     4 ||     4
Ability: Dig               |       |     1 |       |     1 |       ||     2
    Use: Scroll            |     6 |       |     8 |     6 |       ||    20
         Potion            |       |     3 |       |       |       ||     3
 Armour: Scale mail        |    85 |    92 |    78 |       |       ||   255
         Crystal plate arm |       |       |   155 |   260 |    14 ||   429
         Skin              |       |       |       |     3 |       ||     3
  Dodge: Dodged            |    47 |    65 |    42 |    58 |     4 ||   216
         Repelled          |       |       |       |       |     3 ||     3
  Block: Buckler           |    37 |    41 |    25 |       |       ||   103
         Kite shield       |       |       |   107 |   293 |    17 ||   417

Illustrated notes

Table legend:
 A = Kills in this place as a percentage of kills in the entire game.
 B = Kills by you in this place as a percentage of kills by you in the entire game.
 C = Kills by friends in this place as a percentage of kills by friends in the entire game.
 D = Other kills in this place as a percentage of other kills in the entire game.
 E = Experience gained in this place as a percentage of experience gained in the entire game.
 F = Experience gained in this place divided by the number of levels of this place that you have seen.
                   A       B       C       D       E      F
               +-------+-------+-------+-------+-------+----------------------
         Total | 100.0 | 100.0 |   N/A |   N/A | 100.0 | 2232.9
       Dungeon | 100.0 | 100.0 |   N/A |   N/A | 100.0 | 2419.0
               +-------+-------+-------+-------+-------+----------------------

Table legend: (Time is in decaauts)
 A = Elapsed time spent in this place.
 B = Non-inter-level travel time spent in this place.
 C = Inter-level travel time spent in this place.
 D = Time resting spent in this place.
 E = Time spent auto-exploring this place.
 F = Levels seen in this place.
 G = Mean time per level.
                   A        B        C        D        E       F      G
               +--------+--------+--------+--------+--------+-----+--------+
         Total |  10681 |  10075 |    606 |    627 |   7484 |  13 |  821.6 |
       Dungeon |  10568 |  10057 |    511 |    627 |   7467 |  12 |  880.7 |
        Temple |    113 |     18 |     95 |      0 |     17 |   1 |  113.0 |
               +--------+--------+--------+--------+--------+-----+--------+

Top non-repeatable levels by time:
    D:10: 1646 daAuts
     D:8: 1479 daAuts
     D:5: 1376 daAuts
     D:7: 1123 daAuts
     D:4: 1042 daAuts
     D:1: 928 daAuts
     D:9: 857 daAuts
     D:3: 574 daAuts
     D:2: 549 daAuts
    D:11: 508 daAuts
     D:6: 422 daAuts
  Temple: 113 daAuts
    D:12: 59 daAuts
